 Dungeon Crawl Stone Soup version 0.30-a0-1016-gfb0d676c02 (webtiles) character file.

Game seed: 15204654011336022214

1484 xian the Cudgeller (level 8, 0/79 HPs)
             Began as a Troll Berserker on Apr 7, 2023.
             Was a Priest of Trog.
             Succumbed to an orc priest's poison
             ... on level 6 of the Dungeon.
             The game lasted 00:11:15 (4562 turns).

xian the Cudgeller (Troll Berserker)                Turns: 4562, Time: 00:11:15

Health: 0/79       AC:  4    Str: 28    XL:     8   Next: 50%
Magic:  7/7        EV: 11    Int:  3    God:    Trog [***...]
Gold:   345        SH:  0    Dex: 13    Spells: 7/7 levels left

rFire   . . .      SeeInvis .    v - +2 mace "Ryun" {heavy, rC+ Dex+4}
rCold   + . .      Faith    .    (no shield)
rNeg    . . .      Spirit   .    b - +0 animal skin
rPois   .          Reflect  .    (helmet restricted)
rElec   .          Rampage  .    (no cloak)
rCorr   +                        (gloves unavailable)
Will    .....                    (boots unavailable)
Stlth   ++                       (no amulet)
HPRegen 1.13/turn                p - ring of resist corrosion
MPRegen 0.10/turn                (no ring)

@: brilliant, lethally poisoned (0 -> -6)
A: large, unfitting armour, claws 3, regeneration 1, shaggy fur 1, tough skin 1
a: Renounce Religion, Berserk, Trog's Hand


You were on level 6 of the Dungeon.
You worshipped Trog.
Trog was most pleased with you.
You visited 1 branch of the dungeon, and saw 6 of its levels.

You collected 365 gold pieces.
You spent 20 gold pieces at shops.

Inventory:

Hand Weapons
 v - the +2 mace "Ryun" (weapon) {heavy, rC+ Dex+4}
   (You found it on level 4 of the Dungeon)

   Dex:       It affects your dexterity (+4).
   rC:        It protects you from cold.
Missiles
 q - 4 boomerangs (quivered)
 s - 6 poisoned darts
 t - 60 stones
 y - 2 boomerangs of dispersal
Armour
 b - a +0 animal skin (worn)
Jewellery
 p - a ring of resist corrosion (left claw)
Scrolls
 c - 2 scrolls of fog {unknown}
 d - 2 scrolls of acquirement {unknown}
 e - 2 scrolls of silence {unknown}
 h - 5 scrolls of blinking {unknown}
 j - 2 scrolls of teleportation
 m - 2 scrolls of fear
 n - 2 scrolls of magic mapping
 u - a scroll of enchant armour
 x - a scroll of enchant weapon
 z - a scroll of poison
Potions
 f - a potion of mutation {unknown}
 g - a potion of haste {unknown}
 i - a potion of degeneration {unknown}
 k - a potion of lignification {unknown}
 l - a potion of invisibility {unknown}
 o - 3 potions of brilliance
 r - 2 potions of curing {unknown}
 w - a potion of flight {unknown}
 A - a potion of attraction {unknown}


   Skills:
 + Level 4.6 Fighting
 + Level 7.1 Maces & Flails
 + Level 5.0 Dodging
 + Level 1.7 Stealth


You had 7 spell levels left.
You didn't know any spells.
Your spell library contained the following spells:

 Spells                   Type           Power      Damage    Failure   Level
 Cigotuvi's Dreadful Rot  Necr/Pois/Air  0%         N/A       67%         2
 Ensorcelled Hibernation  Hex/Ice        0%         N/A       67%         2
 Call Canine Familiar     Summ           0%         N/A       88%         3
 Ignite Poison            Fire/Tmut/Pois 0%         N/A       88%         3
 Inner Flame              Hex/Fire       0%         N/A       88%         3
 Portal Projectile        Hex/Tloc       0%         N/A       88%         3
 Spider Form              Tmut/Pois      0%         N/A       88%         3
 Anguish                  Hex/Necr       0%         N/A       99%         4
 Flame Wave               Conj/Fire      0%         2d4       99%         4
 Leda's Liquefaction      Hex/Erth       0%         N/A       99%         4
 Sticky Flame             Conj/Fire      0%         2d3       99%         4
 Freezing Cloud           Conj/Ice/Air   0%         6-21      100%        5


Dungeon Overview and Level Annotations

Branches:
Dungeon (6/15)             Temple (0/1) D:6

Altars:
Gozag
Ru
Trog
Wu Jian

Shops:
D:2 *   D:4 =   D:5 :*


Innate Abilities, Weirdness & Mutations

You are too large for most types of armour.
You have claws for hands.
Your natural rate of healing is unusually fast.
You are covered in fur. (AC +1)
You have tough skin. (AC +1)


Message History

The orc hits you with a +0 short sword.
Unknown command.
You hit the orc.
The orc is heavily wounded.
You feel very sick.
The orc hits you from afar with a +0 trident.
The orc priest casts a cantrip, but nothing happens.
The orc hits you with a +0 short sword. The orc barely misses you.
Something hits you. Something shocks you.
The orc priest hits you with a +2 whip of venom.
The orc hits you from afar with a +0 trident.
The orc hits you with a +0 mace. Something hits you but does no damage.
The orc hits you with a +0 short sword.
You thump the orc!
You kill the orc!
Trog accepts your kill.
You feel very sick.
The orc priest hits you with a +2 whip of venom!
You are more poisoned.
The orc barely misses you.
The orc hits you from afar with a +0 trident.
* * * LOW HITPOINT WARNING * * *
Something hits you.
* * * LOW HITPOINT WARNING * * *
Something shocks you.
* * * LOW HITPOINT WARNING * * *
You feel very sick.
The orc priest hits you with a +2 whip of venom.
* * * LOW HITPOINT WARNING * * *
You are lethally poisoned!
The orc hits you from afar with a +0 trident.
* * * LOW HITPOINT WARNING * * *
Something hits you but does no damage. The orc attacks as you move away!
The orc completely misses you.
* * * LOW HITPOINT WARNING * * *
You feel very sick. The orc priest closely misses you.
It was a potion of brilliance.
You feel clever all of a sudden.
You die...

. ....###.##....#...#.. .#
#..........=#.......# .##
#.#.##.#..#.....>.... #..#
#.#.##......#.....$.# ...#
#.#.#####.#...#...#.. ...#
#.........###.......#
...###.#.########o..#.#.##
.........########.......#
...#.....#......@oo..#.##
...#.†)..#<######......#
..........# #....!##
##.......## ###.###
..........# .#
##.........# .#
#########.# .# ... ##


You could see an orc priest and 2 orcs.

Vanquished Creatures
  A water moccasin (D:6)
  2 ice beasts
  2 sky beasts
  2 black bears
  A phantom (D:5)
  4 scorpions
  A howler monkey (D:6)
  4 hounds
  A jelly (D:3)
  A sleepcap (D:5)
  An iguana (D:5)
  An orc wizard (D:4)
  3 gnolls (D:6)
  10 adders
  A white imp (D:5)
  An ufetubus (D:4)
  5 worms
  4 dart slugs
  10 orcs
  9 ball pythons
  8 endoplasms
  4 giant cockroaches
  6 goblins
  14 hobgoblins
  4 jackals
  8 kobolds
  2 quokkas
  3 bats
  A frilled lizard (D:3)
  8 rats
122 creatures vanquished.

Notes
Turn   | Place    | Note
-------+----------+-------------------------------------------
     0 | D:1      | xian the Troll Berserker began the quest for the Orb.
     0 | D:1      | Reached XP level 1. HP: 22/22 MP: 0/0
   185 | D:1      | Reached XP level 2. HP: 28/29 MP: 1/1
   411 | D:1      | Reached skill level 3 in Maces & Flails
   886 | D:2      | Reached ** piety under Trog
   887 | D:2      | Reached XP level 3. HP: 35/36 MP: 2/2
  1142 | D:2      | Found Dyiwaf's General Store.
  1168 | D:2      | Reached XP level 4. HP: 26/44 MP: 3/3
  1176 | D:2      | Bought a scroll of identify for 20 gold pieces
  1837 | D:3      | Found an opulent altar of Gozag.
  1838 | D:3      | Found a sacrificial altar of Ru.
  1838 | D:3      | Found a bloodstained altar of Trog.
  1932 | D:3      | Reached skill level 4 in Maces & Flails
  2040 | D:3      | Noticed a sky beast
  2043 | D:3      | Killed a sky beast
  2044 | D:3      | Reached XP level 5. HP: 53/53 MP: 4/4
  2133 | D:3      | Reached XP level 6. HP: 54/61 MP: 5/5
  2318 | D:3      | Reached *** piety under Trog
  2748 | D:3      | Found an ornate altar of the Wu Jian Council.
  2992 | D:4      | Identified the +2 mace "Ryun" {heavy, rC+ Dex+4}
  3053 | D:4      | Found Guho's Jewellery Boutique.
  3113 | D:4      | Reached skill level 5 in Maces & Flails
  3561 | D:5      | Entered Level 5 of the Dungeon
  3596 | D:5      | Reached XP level 7. HP: 55/68 MP: 6/6
  3744 | D:5      | Reached skill level 6 in Maces & Flails
  3744 | D:5      | Reached skill level 1 in Stealth
  3806 | D:5      | Found Dirusosa's Book Boutique.
  4015 | D:5      | Found Taanty's Neck Hole.
  4211 | D:6      | Reached XP level 8. HP: 46/78 MP: 7/7
  4502 | D:6      | Reached skill level 7 in Maces & Flails
  4521 | D:6      | Found a staircase to the Ecumenical Temple.
  4532 | D:6      | Reached skill level 5 in Dodging
  4561 | D:6      | HP: 2/79 [poisoned by an orc priest]
  4562 | D:6      | Succumbed to an orc priest's poison

Illustrated notes

Levels and vault maps discovered:
D:1:      lightli_arrival_statue_moat, layout_basic
D:2:      layout_loops_ring, serial_shops, shop, minivault_23,
          minmay_fountain_box, nicolae_half_adder
D:3:      layout_basic, chequers_temple_overflow_statue_of_worship,
          lemuel_coloured_pillars_altar, amethyst_killhole, minmay_pentangle
D:4:      minmay_wonky_spiral, layout_rooms, serial_shops,
          nicolae_shop_waterfront, minmay_pentomino_pile
D:5:      layout_rooms, serial_shops, kennysheep_mini,
          nicolae_shop_sticking_my_neck_out
D:6:      layout_loops_ring, minmay_temple_entry_sparse_star

Skill      XL: |  1  2  3  4  5  6  7  8 |
---------------+-------------------------+-----
Maces & Flails | 3 4 5 6 7 |  7.1
Fighting       | 3 4 |  4.6
Dodging        | 3 4 5 |  5.0
Stealth        | 1 |  1.7

Action                     |  1- 3 |  4- 6 |  7- 9 || total
---------------------------+-------+-------+-------++-------
  Melee: Mace              |    94 |   207 |    75 ||   376
         Punch             |     1 |     1 |       ||     2
 Invoke: Berserk           |     1 |     4 |     1 ||     6
    Use: Scroll            |       |     4 |     3 ||     7
         Potion            |       |       |     1 ||     1
   Stab: Sleeping          |       |     2 |     2 ||     4
 Armour: Animal skin       |    38 |    66 |    28 ||   132
  Dodge: Dodged            |    52 |    99 |    76 ||   227

Table legend: (Time is in decaauts)
 A = Elapsed time spent in this place.
 B = Non-inter-level travel time spent in this place.
 C = Inter-level travel time spent in this place.
 D = Time resting spent in this place.
 E = Time spent auto-exploring this place.
 F = Levels seen in this place.
 G = Mean time per level.
                   A        B        C        D        E       F      G
               +--------+--------+--------+--------+--------+-----+--------+
         Total |   4727 |   4541 |    186 |      0 |   2942 |   6 |  787.8 |
       Dungeon |   4727 |   4541 |    186 |      0 |   2942 |   6 |  787.8 |
               +--------+--------+--------+--------+--------+-----+--------+

Top non-repeatable levels by time:
     D:3: 1058 daAuts
     D:2: 1023 daAuts
     D:1: 837 daAuts
     D:4: 753 daAuts
     D:5: 605 daAuts
     D:6: 448 daAuts
